Frizzbo, neutral female gnomish Wizard ------------ |.....<....| ########### |..........| #--- |..........| #|. |..........| #|.----- |..........+#### #|.|%[*| -.------+--- # #|.|=%.| # ### #|.|%=?| # # #|.|...| - ---+-- --- | # ###|.-|---- -- ................- # #|.............{......{..........| # #|.-%--- ........|- - | #` #..|...| |--- | -|---------- #|.|.%(| |...........#########..|(.(| |........).| #|.|((!| |........>.| ### #.o----- . - ---- - --------- | |...........#####Gd##................................| ------------ -..- -- --- -------------- Frizzbo the Conjurer Experience level: 5 Strength: 11 Dexterity: 12 Constitution: 18 Intelligence: 19 Wisdom: 13 Charisma: 9 Health: 0(34) Energy: 26(31) Def: 2 Gold: 1111 Moves: 4263 Dungeon seed: mUhp4eGPcE26QDKt Game ID: Frizzbo_1465922679 Your Inventory: Coins $ - 1111 gold pieces Weapons a - a blessed +1 quarterstaff G - an uncursed +0 elven dagger (weapon in hand) Armor e - an uncursed +0 cloak of magic resistance (being worn) y - an uncursed +0 orcish helm (being worn) Comestibles M - 3 uncursed food rations Scrolls i - 2 uncursed scrolls of teleportation k - an uncursed scroll of charging p - an uncursed scroll of enchant armor I - an uncursed scroll of confuse monster L - a blessed scroll of earth Spellbooks l - a blessed spellbook of force bolt m - an uncursed spellbook of clairvoyance Potions f - an uncursed potion of water g - an uncursed potion of restore ability h - an uncursed potion of gain level v - an uncursed potion of acid E - an uncursed potion of healing Rings c - an uncursed ring of teleportation d - an uncursed ring of fire resistance Wands b - an uncursed wand of cancellation (0:5) u - an uncursed wand of sleep (0:7) w - an uncursed wand of magic missile (0:6) Tools n - an uncursed blindfold F - an uncursed skeleton key J - 4 uncursed tallow candles (0:200) T - an uncursed mirror W - an uncursed magic marker (0:98) Gems q - 2 uncursed worthless pieces of violet glass r - an uncursed garnet stone z - 2 uncursed worthless pieces of blue glass H - an uncursed worthless piece of yellow glass N - an uncursed worthless piece of green glass P - an uncursed agate stone Q - an uncursed amethyst stone Y - an uncursed worthless piece of red glass Spells and supernatural/magical abilities: Name Level Category Fail Memory a - force bolt 1 attack 0% 79% v - clairvoyance 3 divination 87% 79% W - pray for help -- divine ? -- Your skills at the end: Fighting Skills Weapon Skills dagger [Basic] quarterstaff [Basic] Spellcasting Skills attack spells [Basic] enchantment spells [Basic] Final Attributes: You had strayed. You were magic-protected. You were telepathic. You had infravision. You are dead. Vanquished creatures: a small mimic an imp a water nymph an Uruk-hai a fog cloud a shrieker a kobold mummy a golden naga hatchling 3 floating eyes a dwarf 2 rothes a rabid rat a giant bat a dwarf zombie 4 coyotes 2 hobbits a giant rat 2 cave spiders 2 brown molds 2 yellow molds a green mold a red mold 5 gnomes 9 garter snakes a gnome zombie 2 geckos 6 jackals 2 kobolds 6 goblins 2 sewer rats a grid bug a bat 3 lichens a kobold zombie 8 newts 79 creatures vanquished. Voluntary challenges: You used a wielded weapon 95 times, starting on turn 134. You read items or engraved 8 times, starting on turn 1287. You never genocided any monsters. You never polymorphed an object. You never changed form. You used no wishes. You never split a pudding. You wrote Elbereth's name 2 times, starting on turn 1288. You violated your moral code, losing 50 points of alignment, starting on turn 3199. Dungeon overview: The Dungeons of Doom: levels 1 to 5 Level 1 a sink a long staircase Level 2 Level 3 Level 4 a scroll shop, some fountains stairs to The Gnomish Mines Level 5 The Gnomish Mines: levels 5 to 7 Level 5 stairs to The Dungeons of Doom Level 6 Level 7 <- You were here some shops, some fountains History has recorded: On T:1 you entered the Dungeons of Doom to retrieve the Amulet of Yendor! On T:466 you advanced to experience level 2. On T:702 you reached level 2 of The Dungeons of Doom. On T:1126 you reached level 3 of The Dungeons of Doom. On T:1251 you advanced to experience level 3. On T:1733 you reached level 4 of The Dungeons of Doom. On T:2312 you advanced to experience level 4. On T:2352 you reached level 5 of The Dungeons of Doom. On T:2385 you reached level 1 of The Gnomish Mines. On T:2958 you reached level 2 of The Gnomish Mines. On T:2993 you advanced to experience level 5. On T:3820 you reached level 3 of The Gnomish Mines. Score breakdown: Gold: 1111 (10361 points) Experience: 5 levels (11141 points) Exploration: 7 levels ( 13.46%) (10289 points) Discoveries: 11 items ( 3.83%) ( 5873 points) Valuables value: (no points given unless you survive) Artifact value: 0 ( 0 points) Variety of kills: 35 monsters ( 9.19%) ( 9092 points) Turncount: 4263 turns (-1119 points) Survival: died (score multiplied by 80%) Total score: 36509 Latest messages: You bought a magic marker for 66 gold pieces. "Thank you for shopping in Donmyar's hardware store!" There are a few objects here. You hit the Uruk-hai. The Uruk-hai hits! You miss the Uruk-hai. You hit the Uruk-hai. The Uruk-hai hits! You kill the Uruk-hai! You see here a lock pick (26 zorkmids). Suddenly, a section of wall closes up! The wolf bites! You hit the wolf. The wolf bites! You hear crashing rock. The spell hits the wolf! The spell hits it. You kill it! The wolf bites! You hit the wolf! The wolf bites! You die... Final status: Goodbye Frizzbo the Wizard, killed by a wolf... You died in The Gnomish Mines on dungeon level 7 with 36509 points, and 1111 pieces of gold, after 4263 moves. You were level 5 with a maximum of 34 hit points when you died.